 Dungeon Crawl Stone Soup version 0.29.1-14-g9c671dbff4 (webtiles) character file.

Game seed: 15486920624886136480

146 Heoruswealwe the Caller (level 5, -1/28 HPs)
             Began as a Deep Elf Summoner on Feb 16, 2023.
             Slain by Robin
             ... wielding a +0 spear
              (3 damage)
             ... on level 2 of the Dungeon.
             The game lasted 00:20:56 (1365 turns).

Heoruswealwe the Caller (Deep Elf Summoner)         Turns: 1365, Time: 00:20:57

Health: -1/28      AC:  2    Str:  5      XL:     5   Next: 7%
Magic:  8/12       EV: 13    Int: 21 (22) God:
Gold:   46         SH:  0    Dex: 15      Spells: 6/10 levels left

rFire   . . .      SeeInvis .   i - +5 club
rCold   . . .      Faith    .   (no shield)
rNeg    . . .      Spirit   .   c - +0 robe
rPois   .          Reflect  .   (no helmet)
rElec   .          Harm     .   (no cloak)
rCorr   .          Rampage  .   (no gloves)
Will    .....                   (no boots)
Stlth   ++........              (no amulet)
HPRegen 0.09/turn               (no ring)
MPRegen 0.13/turn               (no ring)

@: no status effects
A: no striking features
a: no special abilities


You were on level 2 of the Dungeon.
You visited 1 branch of the dungeon, and saw 2 of its levels.

You collected 46 gold pieces.

Inventory:

Hand Weapons
 f - a +0 whip
 g - a +0 club
 i - a +5 club (weapon)
 j - a +0 dagger
 k - a +0 club
 l - a +0 dagger
 o - a +0 dagger
 p - a +0 dagger of draining
 q - a +0 club
 s - a +0 dagger
 u - a +0 spear
 v - a +0 whip
 w - a +0 flail
Missiles
 e - 2 boomerangs
 h - 24 stones
Armour
 a - a +0 robe
 c - a +0 robe (worn)
 m - a +0 ring mail
 n - a +0 robe
 r - a +0 plate armour
Scrolls
 d - a scroll of brand weapon
 t - a scroll of identify
Potions
 b - a potion of magic


   Skills:
 + Level 0.5 Fighting
 + Level 0.7 Long Blades
 + Level 2.9 Dodging
 + Level 2.7 Stealth
 * Level 3.3 Spellcasting
 + Level 1.0 Conjurations
 + Level 1.2 Hexes
 * Level 4.6 Summonings
 + Level 0.6 Necromancy
 + Level 1.1 Translocations
 + Level 1.1 Transmutations
 + Level 0.3 Fire Magic
 + Level 1.0 Ice Magic
 + Level 0.6 Air Magic
 + Level 0.9 Earth Magic
 + Level 1.0 Poison Magic
 + Level 0.4 Invocations
 + Level 0.6 Evocations


You had 6 spell levels left.
You knew the following spells:

 Your Spells              Type           Power      Damage    Failure   Level
a - Summon Small Mammal   Summ           88%        N/A       1%          1
b - Call Canine Familiar  Summ           22%        N/A       6%          3

Your spell library contained the following spells:

 Spells                   Type           Power      Damage    Failure   Level
 Call Imp                 Summ           22%        N/A       3%          2
 Summon Guardian Golem    Hex/Summ       15%        N/A       12%         3
 Gell's Gravitas          Tloc           8%         N/A       24%         3
 Lesser Beckoning         Tloc           8%         N/A       24%         3
 Teleport Other           Tloc           8%         N/A       24%         3
 Summon Lightning Spire   Summ/Air       14%        N/A       41%         4


Dungeon Overview and Level Annotations

Branches:
Dungeon (2/15)

Altars:
The Shining One

Annotations:
D:2 Robin


Message History

The sling bullet barely misses your hound.
The sling bullet completely misses Robin.
The sling bullet barely misses you.
You hit the goblin.
The goblin is severely wounded.
Your hound closely misses Robin.
Robin hits you from afar with a +0 spear.
The goblin closely misses you.
The goblin shoots a sling bullet.
The sling bullet hits your hound!
Your hound dies!
Your hound's corpse disappears in a puff of smoke!
You closely miss the goblin.
The goblin is severely wounded.
The goblin barely misses you.
Robin hits you from afar with a +0 spear.
The goblin barely misses you.
You barely miss the goblin.
The goblin is severely wounded.
The goblin barely misses you.
Robin hits you from afar with a +0 spear.
* * * LOW HITPOINT WARNING * * *
You hit the goblin.
You kill the goblin!
Robin throws the goblin at you!
The goblin unwields a +0 sling.
The goblin wields a +0 club.
The goblin hits you with a +0 club.
* * * LOW HITPOINT WARNING * * *
Okay, then.
Casting: Call Canine Familiar (quite dangerous; 6% risk of failure)
Confirm with . or Enter, or press ? or * to list all spells.
The spell is quite dangerous to miscast (6% risk of failure)!
Continue anyway?
Robin hits you from afar with a +0 spear.
* * * LOW HITPOINT WARNING * * *
The goblin hits you with a +0 club.
* * * LOW HITPOINT WARNING * * *
Okay, then.
You hit the goblin.
The goblin is severely wounded.
Your hound bites Robin but does no damage.
Robin hits you from afar with a +0 spear.
You die...

#.........# #.........#### #
#............. ##.
#.....(...# ## ..
#..[...†).# .#... ..
#.......))# #.#... #.
##......gh# ...... ..#.
##.....#)# ........ ....
#######@# #.............
#g##.....#........
#.............#...
###.......##......
#.......>..#....
#############............#..
#............<.....#........
#..........##.......#.......
#..........>†...........##..


You could see Robin (ally target), a goblin (strong) and a friendly hound
(summoned).

Vanquished Creatures
  An adder (D:2)
  A gnoll (D:1)
  A ball python (D:1)
  A giant cockroach (D:1)
  5 goblins
  A hobgoblin (D:2)
  2 bats
  A frilled lizard (D:1)
  2 rats
15 creatures vanquished.

Vanquished Creatures (collateral kills)
  Jessica (D:2)
  3 gnolls (D:2)
  An adder (D:2)
  A dart slug (D:1)
  4 bats
  6 endoplasms
  A giant cockroach (D:1)
  7 goblins
  5 hobgoblins
  4 jackals (D:1)
  3 quokkas (D:1)
  3 ball pythons (D:1)
  2 frilled lizards (D:1)
  2 kobolds
  3 rats (D:1)
46 creatures vanquished.

Grand Total: 61 creatures vanquished

Notes
Turn   | Place    | Note
-------+----------+-------------------------------------------
     0 | D:1      | Heoruswealwe the Deep Elf Summoner began the quest for the
                  | Orb.
     0 | D:1      | Reached XP level 1. HP: 10/10 MP: 6/6
   136 | D:1      | Reached XP level 2. HP: 13/15 MP: 6/8
   459 | D:1      | Reached XP level 3. HP: 9/19 MP: 7/9
   502 | D:1      | Learned a level 3 spell: Call Canine Familiar
   905 | D:2      | Found a glowing golden altar of the Shining One.
   907 | D:2      | Noticed Jessica
   914 | D:2      | Killed Jessica
   915 | D:2      | Reached skill level 1 in Translocations
   915 | D:2      | Reached XP level 4. HP: 24/24 MP: 8/10
   990 | D:1      | Reached skill level 1 in Transmutations
   990 | D:1      | Reached skill level 1 in Poison Magic
  1286 | D:2      | Reached skill level 1 in Hexes
  1290 | D:2      | Reached skill level 1 in Conjurations
  1324 | D:2      | Reached skill level 1 in Ice Magic
  1346 | D:2      | Reached XP level 5. HP: 23/28 MP: 7/12
  1351 | D:2      | Noticed Robin
  1365 | D:2      | Slain by Robin

Illustrated notes

Levels and vault maps discovered:
D:1:      nzn_arrival_crosshair, layout_rooms, minmay_heptomino_l4
D:2:      layout_rooms, basic_altar, uniq_jessica, uniq_robin

Skill      XL: |  1  2  3  4 |
---------------+-------------+-----
Translocations | 1 |  1.1
Transmutations | 1 |  1.1
Poison Magic   | 1 |  1.0
Hexes          | 1 |  1.2
Conjurations   | 1 |  1.0
Ice Magic      | 1 |  1.0
Fighting       | |  0.5
Long Blades    | |  0.7
Dodging        | |  2.9
Stealth        | |  2.7
Spellcasting   | |  3.3
Summonings     | |  4.6
Necromancy     | |  0.6
Fire Magic     | |  0.3
Air Magic      | |  0.6
Earth Magic    | |  0.9
Invocations    | |  0.4
Evocations     | |  0.6

Action                   |  1- 3 |  4- 6 || total
-------------------------+-------+-------++-------
Melee: Club              |     8 |    23 ||    31
       Dagger            |    12 |    14 ||    26
       Punch             |     1 |       ||     1
 Cast: Summon Small Mamm |    22 |       ||    22
       Call Canine Famil |     2 |     4 ||     6
  Use: Potion            |     5 |       ||     5
       Scroll            |     3 |     2 ||     5
Armor: Robe              |     4 |     2 ||     6
Dodge: Dodged            |    12 |    27 ||    39
